AoeStats
← bananin.cxs

Arabia

509010864Analyzed
2v2 RM · 9d ago on Sep 25, 2026· 44m 29s· 4 players
Game mode
Random Map
Map size
Medium (4 player)
Population
200
Speed
Normal
Resources
Standard
Victory
Conquest
Starting age
Dark Age
Ending age
Imperial Age
RankedLock teamsTeams togetherTeam positionsShared explorationLock speedFull tech treeHidden civsTurbo modeCheats
Victory
Defeat
🇦🇺 Khmer · Australia
1106
+14
🇦🇷 Ethiopians · Argentina
1060
+16
🇨🇱 Magyars · Chile
1152
-19
🇨🇱 Spanish · Chile
971
-11
bananin.cxs
6:52 Loom
9:52 Feudal Age
10:22 Double-Bit Axe
12:23 Town Watch
19:21 Horse Collar
19:44 Fletching
26:46 Castle Age
26:25 Padded Archer Armor
27:25 Bodkin Arrow
26:55 Crossbowman
28:47 Pikeman
44:12 Imperial Age
franquitochile
3:30 Loom
10:28 Feudal Age
15:51 Forging
16:47 Scale Barding Armor
22:26 Castle Age
21:12 Stone Mining
21:20 Double-Bit Axe
24:08 Stone Shaft Mining
23:40 Pikeman
29:52 Husbandry
29:53 Padded Archer Armor
30:25 Bow Saw
32:30 Leather Archer Armor
33:36 Scale Mail Armor
34:11 Iron Casting
40:16 Bloodlines
trashdog
4:48 Loom
8:19 Feudal Age
17:11 Double-Bit Axe
18:54 Horse Collar
19:28 Bloodlines
19:30 Scale Barding Armor
24:10 Castle Age
23:42 Forging
25:50 Chain Barding Armor
25:44 Bow Saw
26:08 Husbandry
29:20 Iron Casting
31:53 Heavy Plow
31:47 Gold Mining
40:45 Imperial Age
41:43 Elite Battle Elephant
44:10 Cavalier
Vago | P-Lave
9:34 Feudal Age
10:35 Double-Bit Axe
17:57 Fletching
22:48 Castle Age
21:04 Padded Archer Armor
22:58 Crossbowman
25:24 Ballistics
27:38 Thumb Ring
31:40 Elite Skirmisher
36:01 Imperial Age
36:24 Bodkin Arrow
39:39 Arbalester
42:42 Leather Archer Armor
42:53 Loom
43:44 Wheelbarrow
Connection lost

Rejoining the realm…

Still unreachable

The connection could not be restored.

Session expired

The server has moved on; the page needs a fresh start.